 Dungeon Crawl Stone Soup version 0.32-a0-791-gfc315c9ecd (webtiles) character file.

Game seed: 12198930746877590361

48 Alarak the Vexing (level 3, 0/28 HPs)
             Began as a Gnoll Hexslinger on Mar 21, 2024.
             Slain by a kobold
             ... wielding a +0 dagger
              (1 damage)
             ... on level 2 of the Dungeon.
             The game lasted 00:02:39 (770 turns).

Alarak the Vexing (Gnoll Hexslinger)                 Turns: 770, Time: 00:02:40

Health: 0/28       AC:  2    Str:  7    XL:     3   Next: 72%
Magic:  7/7        EV: 13    Int: 12    God:
Gold:   49         SH:  0    Dex: 16    Spells: 7/7 levels left

rFire   . . .        a - +1 sling
rCold   . . .        (no shield)
rNeg    . . .        c - +0 robe
rPois   .            (no helmet)
rElec   .            (no cloak)
rCorr   .            (no gloves)
SInv    .            (no boots)
Will    .....        h - amulet of regeneration
Stlth   ++           (no ring)
HPRegen 1.04/turn    (no ring)
MPRegen 0.10/turn

%: no passive effects
@: no status effects
A: fangs 1, strong nose, distributed training
a: no special abilities


You were on level 2 of the Dungeon.
You visited 1 branch of the dungeon, and saw 2 of its levels.

You collected 49 gold pieces.

Inventory:

Hand Weapons
 a - a +1 sling (weapon)
Armour
 c - a +0 robe (worn)
 i - a +0 leather armour
 j - a +0 plate armour
Jewellery
 h - an amulet of regeneration (around neck)
Scrolls
 b - a scroll of poison
 d - 3 scrolls of teleportation {unknown}
 e - a scroll of fear {unknown}
 f - a scroll of immolation {unknown}
 g - 2 scrolls of noise {unknown}


   Skills:
 + Level 2.6 Fighting
 + Level 1.0 Short Blades
 + Level 1.0 Long Blades
 + Level 1.0 Axes
 + Level 1.0 Maces & Flails
 + Level 1.0 Polearms
 + Level 1.0 Staves
 + Level 4.6 Ranged Weapons
 + Level 1.0 Throwing
 + Level 1.0 Armour
 + Level 4.6 Dodging
 + Level 1.0 Stealth
 + Level 1.0 Shields
 + Level 1.0 Unarmed Combat
 + Level 2.9 Spellcasting
 + Level 0.7 Conjurations
 + Level 5.4 Hexes
 + Level 0.7 Summonings
 + Level 0.7 Necromancy
 + Level 0.7 Translocations
 + Level 2.1 Fire Magic
 + Level 0.7 Ice Magic
 + Level 0.7 Air Magic
 + Level 0.7 Earth Magic
 + Level 0.7 Alchemy
 + Level 1.0 Invocations
 + Level 1.0 Evocations
 + Level 0.8 Shapeshifting


You had 7 spell levels left.
You didn't know any spells.
Your spell library contained the following spells:

 Spells                   Type           Power      Damage    Failure   Level
 Jinxbite                 Hex            28%        N/A       4%          2
 Sigil of Binding         Hex            14%        N/A       8%          3
 Inner Flame              Hex/Fire       10%        N/A       16%         3
 Cause Fear               Hex            7%         N/A       26%         4
 Dimensional Bullseye     Hex/Tloc       4%         N/A       56%         4


Dungeon Overview and Level Annotations

Branches:
Dungeon (2/15)

Altars:

Shops:
D:1 !

Annotations:
D:2 Sigmund, Terence


Innate Abilities, Weirdness & Mutations

You have very sharp teeth.
Your uncanny sense of smell can sniff out nearby items.
Your experience applies equally to all skills.


Message History

Terence is heavily wounded.
Fire: a) +1 sling
Press: ? - help, Shift-Dir - straight line, f/p - Terence
Aim: Terence, wielding a +0 falchion, wearing a +2 scale mail of willpower and carrying a wand of flame (heavily wounded, 65% to hit)
You shoot a sling bullet. The sling bullet barely misses Terence.
Terence zaps a wand.
The puff of flame hits you!
* * * LOW HITPOINT WARNING * * *
Fire: a) +1 sling
Press: ? - help, Shift-Dir - straight line, f/p - Terence
Aim: Terence, wielding a +0 falchion, wearing a +2 scale mail of willpower and carrying a wand of flame (heavily wounded, 65% to hit)
You shoot a sling bullet. The sling bullet hits Terence.
Terence is heavily wounded.
Terence hits you with a +0 falchion.
* * * LOW HITPOINT WARNING * * *
Fire: a) +1 sling
Press: ? - help, Shift-Dir - straight line, f/p - Terence
Aim: Terence, wielding a +0 falchion, wearing a +2 scale mail of willpower and carrying a wand of flame (heavily wounded, 65% to hit)
You shoot a sling bullet.
The sling bullet hits Terence but does no damage.
Terence is heavily wounded.
Terence screams, "I want your blood!"
Terence zaps a wand.
The puff of flame misses you.
Fire: a) +1 sling
Press: ? - help, Shift-Dir - straight line, f/p - Terence
Aim: Terence, wielding a +0 falchion, wearing a +2 scale mail of willpower and carrying a wand of flame (heavily wounded, 65% to hit)
You shoot a sling bullet.
The sling bullet closely misses Terence.
Terence hits you with a +0 falchion.
* * * LOW HITPOINT WARNING * * *
Fire: a) +1 sling
Press: ? - help, Shift-Dir - straight line, f/p - Terence
Aim: Terence, wielding a +0 falchion, wearing a +2 scale mail of willpower and carrying a wand of flame (heavily wounded, 65% to hit)
You shoot a sling bullet. The sling bullet hits Terence.
Terence is severely wounded.
Terence zaps a wand.
The puff of flame hits you.
* * * LOW HITPOINT WARNING * * *
The kobold hits you with a +0 dagger.
* * * LOW HITPOINT WARNING * * *
The kobold hits you with a +0 dagger.
You die...

#.)....###........
#..
#......##<..........
#..
#.##................
+.[
#.##.####.).........
#.. #..#.#
#........... #..
##...# #...........
#..
##..####...........
###
#...†.....K@....[.
#.######..@.......
#......#..#####...
####.....##∆∆
#.....# #.....#
#.....# ∆ #.....# ∆
∆ #......# #....#...


You could see Terence and a kobold.

Vanquished Creatures
  An adder (D:2)
  2 dart slugs (D:1)
  6 endoplasms (D:1)
  8 goblins
  2 hobgoblins
  A kobold (D:1)
  3 ball pythons
  8 bats (D:1)
  2 rats
33 creatures vanquished.

Notes
Turn   | Place    | Note
-------+----------+-------------------------------------------
     0 | D:1      | Alarak the Gnoll Hexslinger began the quest for the Orb.
     0 | D:1      | Reached XP level 1. HP: 17/17 MP: 4/4
    33 | D:1      | Reached XP level 2. HP: 23/23 MP: 5/5
   281 | D:1      | Found Modigo's Distillery.
   285 | D:1      | Reached XP level 3. HP: 28/28 MP: 7/7
   561 | D:2      | Noticed Sigmund
   707 | D:2      | Reached skill level 1 in Invocations
   727 | D:2      | Reached skill level 1 in Short Blades
   727 | D:2      | Reached skill level 1 in Long Blades
   727 | D:2      | Reached skill level 1 in Axes
   727 | D:2      | Reached skill level 1 in Maces & Flails
   727 | D:2      | Reached skill level 1 in Polearms
   727 | D:2      | Reached skill level 1 in Staves
   727 | D:2      | Reached skill level 1 in Throwing
   727 | D:2      | Reached skill level 1 in Armour
   727 | D:2      | Reached skill level 1 in Stealth
   727 | D:2      | Reached skill level 1 in Shields
   727 | D:2      | Reached skill level 1 in Unarmed Combat
   727 | D:2      | Reached skill level 1 in Evocations
   758 | D:2      | Noticed Terence
   770 | D:2      | HP: 1/28 [kobold/+0 dagger (1)]
   770 | D:2      | Slain by a kobold

Illustrated notes

Levels and vault maps discovered:
D:1:      scummos_arrival_simple_crosswalls, layout_rooms, serial_shops,
          nicolae_shop_waterfront
D:2:      layout_basic, chequers_ecumenical_altar_simple_redux,
          kennysheep_jessica_study, uniq_terence, uniq_sigmund

Skill      XL: |  1  2  3 |
---------------+----------+-----
Fire Magic     | 2 |  2.1
Invocations    | 1 |  1.0
Short Blades   | 1 |  1.0
Long Blades    | 1 |  1.0
Axes           | 1 |  1.0
Maces & Flails | 1 |  1.0
Polearms       | 1 |  1.0
Staves         | 1 |  1.0
Throwing       | 1 |  1.0
Armour         | 1 |  1.0
Stealth        | 1 |  1.0
Shields        | 1 |  1.0
Unarmed Combat | 1 |  1.0
Evocations     | 1 |  1.0
Fighting       | |  2.6
Ranged Weapons | |  4.6
Dodging        | |  4.6
Spellcasting   | |  2.9
Conjurations   | |  0.7
Hexes          | |  5.4
Summonings     | |  0.7
Necromancy     | |  0.7
Translocations | |  0.7
Ice Magic      | |  0.7
Air Magic      | |  0.7
Earth Magic    | |  0.7
Alchemy        | |  0.7
Shapeshifting  | |  0.8

Action                     || total
---------------------------++-------
   Fire: Sling             ||   106
 Armour: Robe              ||    25
  Dodge: Dodged            ||    23

Table legend: (Time is in decaauts)
 A = Elapsed time spent in this place.
 B = Non-inter-level travel time spent in this place.
 C = Inter-level travel time spent in this place.
 D = Time resting spent in this place.
 E = Time spent auto-exploring this place.
 F = Levels seen in this place.
 G = Mean time per level.
                   A        B        C        D        E       F      G
               +--------+--------+--------+--------+--------+-----+--------+
         Total |    789 |    743 |     46 |    119 |    427 |   2 |  394.5 |
       Dungeon |    789 |    743 |     46 |    119 |    427 |   2 |  394.5 |
               +--------+--------+--------+--------+--------+-----+--------+

Top non-repeatable levels by time:
     D:1: 618 daAuts
     D:2: 170 daAuts
